[Event "ICCopen2017"]
[Site "Internet Chess Club"]
[Date "2017.03.19"]
[Round "3"]
[White "progre69"]
[Black "Eigeneier"]
[Result "1-0"]
[ICCResult "Black forfeits on time"]
[WhiteElo "2139"]
[BlackElo "1744"]
[Opening "Nimzovich-Larsen attack: Indian variation"]
[ECO "A01"]
[NIC "VO.08"]
[Time "19:35:35"]
[TimeControl "180+0"]

1. b3 Nf6 2. Bb2 g6 3. e4 d6 4. f4 Bg7 5. Nf3 O-O 6. d3 c5 7. Be2 Nc6 8. O-O
e5 9. Na3 Nh5 10. f5 Nf4 11. Nc4 gxf5 12. Ne3 fxe4 13. dxe4 Nd4 14. Bc4 Be6
15. Bd5 Bxd5 16. exd5 f5 17. c3 Nxf3+ 18. Qxf3 Qg5 19. Rad1 Rf6 20. g3 Raf8
21. Kh1 Ng6 22. Ng2 h5 23. Bc1 f4 24. gxf4 exf4 25. Rg1 Qf5 26. Rdf1 Bh6 27.
c4 Kh7 28. Bb2 R6f7 29. Ne1 Ne5 30. Qf2 Nd3 31. Nxd3 Qxd3 32. Qg2 Qf5 33.
Re1 Bg7 34. Bxg7 f3 35. Qf2 Rxg7 36. Rxg7+ Kxg7 37. Re7+ Rf7 38. Rxf7+ Kxf7
39. h3 Qb1+ 40. Kh2 Qf5 41. Kg3 Qf4+ 42. Kxf4 Kf6 43. Qxf3 Ke7 44. Kg3 Kd7
45. Qf4 Kc7 46. Qe4 Kb6 47. Qe6 a5 48. Qxd6+ Ka7 49. Qxc5+ Ka6 50. Qc8 Kb6
51. Qxb7+ {Black forfeits on time} 1-0

[Event "ICCopen2017"]
[Site "Internet Chess Club"]
[Date "2017.03.19"]
[Round "3"]
[White "airantrobo"]
[Black "Ernie1"]
[Result "1-0"]
[ICCResult "Black resigns"]
[WhiteElo "1549"]
[BlackElo "1272"]
[Opening "English: Caro-Kann defensive system"]
[ECO "A04"]
[NIC "QP.11"]
[Time "19:35:56"]
[TimeControl "180+0"]

1. Nf3 c6 2. b3 d5 3. Bb2 Nf6 4. c4 e6 5. g3 Bb4 6. Bg2 O-O 7. O-O a5 8. a3
Bd6 9. cxd5 exd5 10. d3 Re8 11. Nbd2 Qe7 12. Re1 Bg4 13. Qc2 Bxf3 14. Nxf3
Nbd7 15. Rac1 Ne5 16. Nxe5 Bxe5 17. Bxe5 Qxe5 18. Qc3 Qxc3 19. Rxc3 Re6 20.
Rc5 b6 21. Rc2 c5 22. e3 Rae8 23. Rec1 g6 24. h3 Kg7 25. g4 Rd8 26. Kf1 Red6
27. Ke2 Ne8 28. f4 f6 29. Kf2 h6 30. h4 g5 31. hxg5 hxg5 32. f5 Nc7 33. Rh1
Rh8 34. Rcc1 Rxh1 35. Rxh1 Rd8 36. Bf3 Rh8 37. Rxh8 Kxh8 38. Ke2 Kg7 39. Kd2
Kf7 40. Kc3 Ke7 41. d4 Kd6 42. dxc5+ bxc5 43. b4 Na6 44. b5 Nc7 45. b6 Na8
46. b7 Nc7 {Black resigns} 1-0

[Event "ICCopen2017"]
[Site "Internet Chess Club"]
[Date "2017.03.19"]
[Round "3"]
[White "e8thatcat"]
[Black "blunder23"]
[Result "1-0"]
[ICCResult "Black forfeits on time"]
[WhiteElo "1349"]
[BlackElo "1426"]
[Opening "Queen's pawn game"]
[ECO "D02"]
[NIC "QP.08"]
[Time "19:35:34"]
[TimeControl "180+0"]

1. d4 d5 2. Nf3 Bf5 3. Bf4 Nf6 4. e3 e6 5. Bd3 Bxd3 6. Qxd3 c5 7. Qb5+ Nc6
8. Qxb7 Qa5+ 9. c3 Ne7 10. Qxa8+ Qd8 11. Qxd8+ Kxd8 12. Ne5 Ke8 13. dxc5 Ne4
14. b4 f6 15. Nd3 g5 16. Bg3 h5 17. f3 Nxg3 18. hxg3 Bg7 19. b5 Kd7 20. c6+
Kc7 21. Nc5 Kd6 22. Na6 f5 23. Nd2 Bxc3 24. Rc1 Ba5 25. Ke2 g4 26. Nb3 gxf3+
27. gxf3 Bb6 28. a4 e5 29. a5 Bc7 30. Nxc7 Kxc7 31. Nc5 Nc8 32. Ne6+ Kb8 33.
Rb1 Rh7 34. Rhc1 Re7 35. Nc5 Ka8 36. b6 axb6 37. axb6 Kb8 38. Na6+ Ka8 39.
Nc7+ Kb8 40. Ra1 Nxb6 41. Nxd5 Nxd5 42. Rcb1+ Kc7 43. Ra7+ Kd6 44. Rxe7 Kxe7
45. c7 Nxc7 46. Rb7 Kd6 47. Rxc7 Kxc7 48. f4 Kd6 49. Kd3 Ke6 50. Kc4 exf4
51. exf4 Kf6 52. Kd4 Ke6 53. Ke3 {Black forfeits on time} 1-0

[Event "ICCopen2017"]
[Site "Internet Chess Club"]
[Date "2017.03.19"]
[Round "3"]
[White "Spirals"]
[Black "HuevosDeLeon"]
[Result "0-1"]
[ICCResult "White forfeits on time"]
[WhiteElo "2104"]
[BlackElo "2606"]
[Opening "Alekhine's defense: modern, Larsen variation"]
[ECO "B04"]
[NIC "AL.05"]
[Time "19:36:20"]
[TimeControl "180+0"]

1. e4 Nf6 2. e5 Nd5 3. d4 d6 4. Nf3 dxe5 5. dxe5 Bg4 6. Be2 Nc6 7. O-O e6 8.
Bb5 Ne7 9. Qe2 a6 10. Bxc6+ Nxc6 11. c3 Bc5 12. Rd1 Qe7 13. Bf4 O-O 14. Nbd2
h6 15. h3 Bh5 16. Ne4 Ba7 17. Rd2 Rfd8 18. Rad1 Rxd2 19. Rxd2 Rd8 20. Rxd8+
Qxd8 21. Qd2 Bxf3 22. Qxd8+ Nxd8 23. gxf3 Nc6 24. Kf1 Ne7 25. Ke2 Bb6 26.
Be3 Bxe3 27. fxe3 b6 28. f4 Kf8 29. c4 Ke8 30. Kd3 Kd7 31. b4 Nc6 32. a3 Ne7
33. Ng3 f6 34. exf6 gxf6 35. Ne4 f5 36. Nc3 Kd6 37. e4 Ng6 38. e5+ Kc6 39.
Ke3 b5 40. cxb5+ axb5 41. Ne2 Ne7 42. Nd4+ Kd5 43. Nxb5 Kc6 44. Nd4+ Kd5 45.
Kd3 Ng6 46. Ne2 Nh4 47. a4 Kc6 48. Nd4+ Kd7 49. a5 Ng2 50. a6 Kc8 51. Kc4
Nxf4 52. b5 Kb8 53. Nc6+ Ka8 54. Ne7 Ne2 55. Nxf5 Nf4 56. Nd4 Nd5 57. Nc6
Nb6+ 58. Kc5 Na4+ 59. Kd4 Nb2 60. Nd8 Ka7 61. Nxe6 Kb6 62. Nxc7 Kxc7
{White forfeits on time}
0-1

[Event "ICCopen2017"]
[Site "Internet Chess Club"]
[Date "2017.03.19"]
[Round "3"]
[White "jasrom"]
[Black "zhuzhenghai008"]
[Result "1-0"]
[ICCResult "Black checkmated"]
[WhiteElo "2158"]
[BlackElo "1768"]
[Opening "Sicilian: closed"]
[ECO "B23"]
[NIC "SI.44"]
[Time "19:35:44"]
[TimeControl "180+0"]

1. e4 c5 2. Nc3 d6 3. f4 g6 4. Nf3 Bg7 5. Bb5+ Bd7 6. Bc4 Nf6 7. O-O O-O 8.
d3 Nc6 9. a3 Bg4 10. Qe1 Bxf3 11. Rxf3 Nd4 12. Rf2 e6 13. h3 d5 14. Ba2 Re8
15. Be3 Nc6 16. Bxc5 b6 17. Be3 d4 18. Bd2 dxc3 19. Bxc3 Nd4 20. Qe3 Nb5 21.
Be5 Nh5 22. Bxg7 Nxg7 23. c3 Qd7 24. d4 Kh8 25. Raf1 f5 26. g4 Nd6 27. Bb1
Rad8 28. Kh2 Kg8 29. Rg2 Nxe4 30. Bxe4 fxe4 31. Qxe4 Qd5 32. Qe3 Rf8 33.
Rgf2 Rf7 34. Re1 Rdf8 35. Ref1 h5 36. Kg3 Kh7 37. Rh2 Qd6 38. Rhf2 g5 39.
Kg2 gxf4 40. Qe4+ Kh8 41. g5 Qd5 42. Qxd5 exd5 43. h4 Nf5 44. Rxf4 Ne3+ 45.
Kg3 Nxf1+ 46. Rxf1 Rf4 47. Rxf4 Re8 48. Rf5 Re3+ 49. Kf4 Re4+ 50. Kg3 Re3+
51. Rf3 Re2 52. Rf8+ Kg7 53. Ra8 Rxb2 54. Rxa7+ Kg6 55. Rb7 Rb3 56. Kf4 b5
57. Rb6+ Kg7 58. Kf5 Rxa3 59. Rb7+ Kf8 60. Kf6 Ke8 61. g6 Ra6+ 62. Kg5 Kf8
63. Kxh5 Rc6 64. Kg5 Ke8 65. h5 Rxc3 66. h6 Rg3+ 67. Kf6 Kd8 68. h7 Kc8 69.
Re7 Rh3 70. Re8+ Kd7 71. h8=Q Rf3+ 72. Kg5 Kc6 73. Qf6+ Kb7 74. Qxf3 Kc7 75.
Qf6 b4 76. Re7+ Kd8 77. Qf8# {Black checkmated} 1-0

[Event "ICCopen2017"]
[Site "Internet Chess Club"]
[Date "2017.03.19"]
[Round "3"]
[White "cloak1"]
[Black "arnav311004"]
[Result "0-1"]
[ICCResult "White forfeits on time"]
[WhiteElo "1880"]
[BlackElo "1606"]
[Opening "Sicilian"]
[ECO "B54"]
[NIC "SI.01"]
[Time "19:36:12"]
[TimeControl "180+0"]

1. e4 c5 2. Nf3 d6 3. d4 cxd4 4. Nxd4 a6 5. c4 Nf6 6. Nc3 e6 7. g4 Be7 8. g5
Nfd7 9. Rg1 Qc7 10. Be3 Nc6 11. Qd2 Nde5 12. f4 Nxd4 13. O-O-O Nef3 14. Qf2
Nxg1 15. Bxd4 e5 16. Nd5 Qc6 17. Bc3 Be6 18. Qxg1 Bxd5 19. exd5 Qc7 20. fxe5
dxe5 21. Qe3 O-O 22. Bxe5 Bd6 23. Bxd6 Qxd6 24. Kb1 Rac8 25. Rc1 Rfe8 26.
Qd4 Rcd8 27. Bd3 b6 28. Qh4 g6 29. Rf1 Re3 30. Bc2 Rde8 31. Qf2 R8e7 32. a3
Re2 33. Qf3 Qxh2 34. Qd3 Re1+ 35. Rxe1 Rxe1+ 36. Ka2 Qd6 37. b4 Re5 38. Bb3
Rxg5 39. c5 bxc5 40. bxc5 Rg2+ 41. Kb1 Qxc5 42. d6 Rg1+ 43. Bd1 Qb5+ 44.
Qxb5 axb5 45. Kc2 Kf8 46. Be2 Rg2 47. Kd1 Rxe2 48. Kxe2 Ke8 49. Ke3 Kd7 50.
Ke4 Kxd6 51. Kf4 f6 52. Kg4 h5+ 53. Kf3 Kc5 54. Kg3 Kc4 55. Kf4 Kb3 56. Ke4
Kxa3 57. Kd5 b4 58. Ke6 b3 59. Kxf6 b2 60. Kxg6 b1=Q+ 61. Kxh5 Qe4 62. Kg5
Qf3 63. Kg6 Kb4 64. Kg7 Kc5 65. Kh7 Kd6 66. Kh6 Qg4 {White forfeits on time}
0-1

[Event "ICCopen2017"]
[Site "Internet Chess Club"]
[Date "2017.03.19"]
[Round "3"]
[White "RnZ"]
[Black "bhaiju"]
[Result "0-1"]
[ICCResult "White checkmated"]
[WhiteElo "2032"]
[BlackElo "1722"]
[Opening "Réti: King's Indian attack (Barcza system)"]
[ECO "A07"]
[NIC "QP.09"]
[Time "19:37:01"]
[TimeControl "180+0"]

1. Nf3 d5 2. g3 c6 3. Bg2 Bf5 4. d3 Nd7 5. O-O e5 6. b3 Bd6 7. Bb2 f6 8.
Nbd2 Ne7 9. e4 Be6 10. a3 d4 11. c4 Nf8 12. b4 Qd7 13. Ne1 Bh3 14. Qe2 Bxg2
15. Kxg2 h5 16. Rh1 h4 17. h3 hxg3 18. fxg3 O-O-O 19. c5 Bc7 20. Nc4 Ne6 21.
Nf3 g5 22. Ng1 Rdg8 23. a4 f5 24. Nd2 g4 25. Rf1 f4 26. hxg4 Rxh1 27. Kxh1
fxg3 28. Kg2 Nf4+ 29. Rxf4 exf4 30. Ngf3 Qxg4 31. b5 Rh8 32. Kf1 Ng6 33.
bxc6 bxc6 34. Ke1 Rh1+ 35. Nf1 g2 36. Nd2 g1=Q 37. Bxd4 Qxe2+ 38. Kxe2 Qxd4
39. Nf3 Qb2+ 40. N1d2 Ba5 41. e5 Nxe5 42. d4 Nxf3 43. Kxf3 Qxd2 44. Ke4 Qe3+
45. Kf5 Rh5+ 46. Kg6 Qh3 47. Kf6 f3 48. Ke7 f2 49. Kd6 f1=Q 50. Kxc6 Qf6+
51. Kb5 Qhf1+ 52. Kxa5 Q1a6+ 53. Kb4 Qxd4+ 54. Kb3 Rh3+ 55. Kc2 Qad3+ 56.
Kc1 Q4c3# {White checkmated} 0-1

[Event "ICCopen2017"]
[Site "Internet Chess Club"]
[Date "2017.03.19"]
[Round "3"]
[White "charlestehace"]
[Black "ural"]
[Result "1/2-1/2"]
[ICCResult "Game drawn because both players ran out of time"]
[WhiteElo "3205"]
[BlackElo "2472"]
[Opening "Scandinavian (center counter) defense"]
[ECO "B01"]
[NIC "SD.01"]
[Time "19:36:19"]
[TimeControl "180+0"]

1. e4 d5 2. exd5 Qxd5 3. Nc3 Qa5 4. d4 Nf6 5. Nf3 Nc6 6. Bb5 Ne4 7. Qd3 Nxc3
8. bxc3 a6 9. Bxc6+ bxc6 10. O-O Bf5 11. Qe3 e6 12. c4 Be7 13. Ne5 Qa4 14.
c3 O-O 15. Qf3 c5 16. Bf4 Bd6 17. Rfd1 Bxe5 18. Bxe5 Qxc4 19. Qg3 Bg6 20.
Bxc7 cxd4 21. cxd4 Rac8 22. Bb6 h5 23. a4 Qc3 24. Qf4 Rc4 25. a5 Rfc8 26. h3
Qb4 27. Re1 Qb5 28. Kh2 Qf5 29. Qg3 Qf6 30. Re2 h4 31. Qe3 Bf5 32. Rd1 Rc3
33. Qf4 Qg6 34. d5 exd5 35. Rxd5 Be6 36. Rg5 Qh6 37. Bd4 R3c4 38. Bxg7 Rxf4
39. Bxh6+ Kh7 40. Rh5 Rfc4 41. Be3+ Kg6 42. Re5 Rc2 43. Re1 Ra2 44. Rd1 Rcc2
45. Rg5+ Kf6 46. Rh5 Rc4 47. Rd8 Rca4 48. Rdh8 Rxa5 49. Rxh4 Ke7 50. Rd4
R2a4 51. Rd2 Kf6 52. Bd4+ Ke7 53. Rb8 Ra2 54. Rb7+ Kd6 55. Bc3+ Kc6 56. Bxa5
Rxd2 57. Rb6+ Kc5 58. Rxa6 Rxf2 59. Bb6+ Kb5 60. Bxf2 Kxa6 61. g4 Kb7 62.
Kg3 Kc6 63. Kf4 Kd7 64. Kg5 Ke8 65. Kf6 Bd5 66. g5 Be4 67. h4 Bd3 68. h5 Bc2
69. g6 Bb1 70. g7 Bh7 71. h6 Bg8 72. Be3 Bh7 73. Bf4 Bg8 74. Be5 Bh7 75. Kg5
Bg8 76. Bf6 Bh7 77. Kf4 Bg8 78. Ke5 Bh7 79. Kd6 Bg8 80. Be7 Bh7 81. Bf6 Bg8
82. Be7 Bh7 83. Bf6 Bg8 {Game drawn because both players ran out of time}
1/2-1/2

[Event "ICCopen2017"]
[Site "Internet Chess Club"]
[Date "2017.03.19"]
[Round "3"]
[White "bardenbabe"]
[Black "Balderdash"]
[Result "1-0"]
[ICCResult "Black forfeits on time"]
[WhiteElo "1656"]
[BlackElo "1103"]
[Opening "King's pawn game"]
[ECO "C50"]
[NIC "IG.03"]
[Time "19:37:19"]
[TimeControl "180+0"]

1. e4 e5 2. Nf3 Nc6 3. Bc4 Nh6 4. O-O a6 5. d4 b5 6. Bd5 Rb8 7. dxe5 Nb4 8.
Bb3 a5 9. a3 a4 10. Bd5 Nxd5 11. exd5 Bc5 12. Bxh6 gxh6 13. Qd2 Bb7 14. Nc3
b4 15. axb4 Bxb4 16. Rxa4 Bxc3 17. bxc3 Ra8 18. Re4 Ra5 19. c4 c6 20. d6 c5
21. Rg4 Bxf3 22. gxf3 Ra8 23. Qxh6 Rf8 24. Re1 Qa5 25. Rge4 Qc3 26. Qe3 Qxe3
27. fxe3 Ra2 28. Re2 Ra1+ 29. Kf2 Ra2 30. Rg4 h5 31. Rg5
{Black forfeits on time}
1-0

[Event "ICCopen2017"]
[Site "Internet Chess Club"]
[Date "2017.03.19"]
[Round "3"]
[White "kamalchandran"]
[Black "Fighterman"]
[Result "0-1"]
[ICCResult "White forfeits on time"]
[WhiteElo "1789"]
[BlackElo "2483"]
[Opening "Sicilian"]
[ECO "B50"]
[NIC "SI.01"]
[Time "19:37:35"]
[TimeControl "180+0"]

1. e4 c5 2. Nf3 d6 3. g3 Nc6 4. Bg2 g6 5. O-O Bg4 6. h3 Bxf3 7. Bxf3 Bg7 8.
c3 e6 9. d3 Nge7 10. Be3 O-O 11. Na3 a6 12. Qd2 b5 13. Bh6 Rb8 14. Bxg7 Kxg7
15. Nc2 e5 16. d4 cxd4 17. cxd4 Qb6 18. dxe5 dxe5 19. Qe3 Qxe3 20. Nxe3 Nd4
21. Bg2 Rbc8 22. Rfd1 Rc5 23. Kf1 Rfc8 24. Ke1 b4 25. Bf1 a5 26. Bd3 a4 27.
Kd2 Nf3+ 28. Ke2 Nd4+ 29. Kd2 a3 30. b3 Nf3+ 31. Ke2 Nd4+ 32. Kd2 Rd8 33.
Rdc1 Nf3+ 34. Ke2 Nd4+ {White forfeits on time} 0-1

[Event "ICCopen2017"]
[Site "Internet Chess Club"]
[Date "2017.03.19"]
[Round "3"]
[White "jajaba"]
[Black "notetengomiedo"]
[Result "1/2-1/2"]
[ICCResult "Game drawn by mutual agreement"]
[WhiteElo "1834"]
[BlackElo "1580"]
[Opening "Réti opening"]
[ECO "A04"]
[NIC "QP.11"]
[Time "19:40:01"]
[TimeControl "180+0"]

1. Nf3 e6 2. Nc3 d5 3. d3 Nf6 4. e4 dxe4 5. Nxe4 Nxe4 6. dxe4 Qxd1+ 7. Kxd1
Bc5 8. Ke1 Nc6 9. Bd3 Nd4 10. Nxd4 Bxd4 11. c3 Bf6 12. Ke2 b6 13. Be3 Bb7
14. Rad1 O-O-O 15. f3 g6 16. Bc4 Rd7 17. Rxd7 Kxd7 18. Rd1+ Ke7 19. Bf4 Rc8
20. Bb5 c6 21. Bc4 Rd8 22. Rxd8 Kxd8 23. Bb8 a6 24. Bf4 Kd7 25. Bd3 c5 26.
Be3 Be7 27. f4 b5 28. g3 f5 29. e5 c4 30. Bc2 Bd5 31. Bd4 Kc6 32. Ke3 Bc5
33. Bd1 Kb6 34. a3 Kc6 35. Be2 Kb6 36. Bf1 Kc6 37. Bh3 Kb6 38. Bf1 Kc6 39.
Be2 Kb6 40. Bf3 Kc6 41. Be2 Kb6 42. g4 Kc6 43. gxf5 gxf5 44. h4 h6 45. Bh5
Be4 46. Bf7 Bd5 47. h5 Kb6 48. Bg6 Kc6 49. Bh7 Kb6 50. Bg6 Kc6
{Game drawn by mutual agreement}
1/2-1/2

[Event "ICCopen2017"]
[Site "Internet Chess Club"]
[Date "2017.03.19"]
[Round "3"]
[White "DavidBerczes"]
[Black "tonychess2014"]
[Result "1-0"]
[ICCResult "Black resigns"]
[WhiteElo "2684"]
[BlackElo "1848"]
[Opening "Pirc defense"]
[ECO "B07"]
[NIC "PU.08"]
[Time "19:40:08"]
[TimeControl "180+0"]

1. e4 d6 2. d4 Nf6 3. f3 g6 4. Ne2 Bg7 5. Be3 e5 6. d5 O-O 7. Qd2 Ne8 8. c4
f5 9. Nbc3 f4 10. Bf2 Nd7 11. O-O-O a6 12. Kb1 Rb8 13. Nc1 Ndf6 14. b4 c6
15. Nb3 Bd7 16. c5 cxd5 17. Nxd5 dxc5 18. Nxc5 Kh8 19. Nxf6 Nxf6 20. Nxd7
Qe7 21. Bc5 {Black resigns} 1-0

[Event "ICCopen2017"]
[Site "Internet Chess Club"]
[Date "2017.03.19"]
[Round "3"]
[White "kurumania"]
[Black "manusupergm2001"]
[Result "1-0"]
[ICCResult "Black forfeits on time"]
[WhiteElo "2815"]
[BlackElo "2166"]
[Opening "Sicilian: Nimzovich-Rossolimo attack (without ...d6)"]
[ECO "B30"]
[NIC "SI.31"]
[Time "19:36:16"]
[TimeControl "180+0"]

1. Nf3 c5 2. e4 Nc6 3. Bb5 e6 4. O-O Nge7 5. Re1 g6 6. c3 Bg7 7. d4 cxd4 8.
cxd4 Qb6 9. Nc3 Nxd4 10. Be3 Nxf3+ 11. Qxf3 Qa5 12. a4 O-O 13. Rad1 d5 14.
Bc5 Qc7 15. Bxe7 Qxe7 16. exd5 Qb4 17. d6 a6 18. Bf1 Bd7 19. Ne4 Bc6 20. Qf4
Kh8 21. g3 Bxa4 22. Rc1 Bc6 23. Qe3 Rad8 24. Rc4 Qxb2 25. Ng5 h6 26. Rh4 Kg8
27. Ne4 f5 28. Nc5 Rfe8 29. Rxh6 Bxh6 30. Qxh6 Qg7 31. Qf4 e5 32. Bc4+ Kh7
33. Qd2 Qh6 34. Qa5 Qh3 35. Bf1 Qh6 36. h4 Qg7 37. Bd3 Rxd6 38. h5 Rxd3 39.
Nxd3 Qd7 40. hxg6+ Kg7 41. Nxe5 Qd4 42. Qc7+ Bd7 43. Re3 Re7 44. Kg2 Bc6+
45. Nxc6 Qd5+ 46. Kh2 Rxc7 47. Ne7 Qd2 48. Nxf5+ Kf6 49. Rf3 Kg5 50. Nh4 Kg4
51. Kg2 Qd5 52. g7 Rc3 53. g8=Q+ Qxg8 54. Rxc3 Qd5+ 55. Rf3 Kh5 56. Kh3
{Black forfeits on time}
1-0

[Event "ICCopen2017"]
[Site "Internet Chess Club"]
[Date "2017.03.19"]
[Round "3"]
[White "MichaelBelikow"]
[Black "hecan58"]
[Result "0-1"]
[ICCResult "White resigns"]
[WhiteElo "1456"]
[BlackElo "1367"]
[Opening "Scandinavian defense"]
[ECO "B01"]
[NIC "SD.03"]
[Time "19:40:41"]
[TimeControl "180+0"]

1. e4 d5 2. exd5 Nf6 3. Nf3 Bg4 4. d3 Nxd5 5. Be2 e6 6. O-O Be7 7. h3 Bh5 8.
Nc3 O-O 9. Nxd5 Qxd5 10. Nh2 Bxe2 11. Qxe2 Nc6 12. Be3 Nd4 13. Bxd4 Qxd4 14.
c3 Qd5 15. d4 c5 16. dxc5 Bxc5 17. a3 Rfd8 18. Rad1 Qb3 19. Rxd8+ Rxd8 20.
Nf3 h6 21. Ne5 Qd5 22. Nf3 a6 23. Kh1 Qd3 24. Re1 Qxe2 25. Rxe2 Rd1+ 26. Kh2
Bd6+ 27. g3 Kf8 28. Kg2 Ke7 29. Rd2 Rxd2 30. Nxd2 f5 31. Nc4 Bc7 32. Kf3 e5
33. Ke2 Ke6 34. Ne3 g5 35. Nc2 Kd5 36. Nb4+ Kc4 37. Nd3 Kb3 38. f3 Bd6 39.
g4 e4 40. fxe4 fxe4 41. Nf2 Kxb2 42. Nxe4 Bxa3 43. c4 a5 44. Kd3 a4 45. Nc3
Kb3 46. Nb5 Bc5 47. Nc3 a3 48. Kd2 Bb4 49. Kd3 Bxc3 50. c5 a2 51. Ke4 a1=Q
52. Kd5 Qa6 {White resigns} 0-1

[Event "ICCopen2017"]
[Site "Internet Chess Club"]
[Date "2017.03.19"]
[Round "4"]
[White "Oracle"]
[Black "sanguine"]
[Result "1-0"]
[ICCResult "Black resigns"]
[WhiteElo "1386"]
[BlackElo "1118"]
[Opening "Bishop's opening"]
[ECO "C23"]
[NIC "IG.04"]
[Time "19:48:10"]
[TimeControl "180+0"]

1. e4 e5 2. Bc4 Nc6 3. Nc3 Bc5 4. Qh5 Qf6 5. Qf3 Qxf3 6. Nxf3 Nf6 7. d3 O-O
8. Bd2 d6 9. a3 Ng4 10. O-O Be6 11. Ba2 b6 12. h3 Nf6 13. Nh4 Nh5 14. Kh1
Bxf2 15. Rxf2 Ng3+ 16. Kh2 Nh5 17. Nf5 Bxf5 18. Rxf5 g6 19. Rff1 Kh8 20. Be3
f5 21. exf5 e4 22. dxe4 Ne5 23. Bd4 {Black resigns} 1-0

[Event "ICCopen2017"]
[Site "Internet Chess Club"]
[Date "2017.03.19"]
[Round "4"]
[White "ALexiz"]
[Black "shirovinster"]
[Result "0-1"]
[ICCResult "White resigns"]
[WhiteElo "1700"]
[BlackElo "1614"]
[Opening "Queen's pawn game"]
[ECO "A45"]
[NIC "OI.08"]
[Time "19:48:39"]
[TimeControl "180+0"]

1. d4 Nf6 2. Nc3 c5 3. d5 g6 4. e4 d6 5. f4 Bg7 6. Nf3 O-O 7. Be2 Bg4 8. O-O
a6 9. a4 Nbd7 10. h3 Bxf3 11. Bxf3 e6 12. Be3 exd5 13. exd5 Re8 14. Re1 Rb8
15. Qd3 Qc7 16. b3 Nb6 17. a5 Nbd7 18. Ra4 Re7 19. Bf2 Rbe8 20. Rxe7 Rxe7
21. Bh4 Qc8 22. Qe4 Rxe4 {White resigns} 0-1

[Event "ICCopen2017"]
[Site "Internet Chess Club"]
[Date "2017.03.19"]
[Round "4"]
[White "krankenstein"]
[Black "Pschaak"]
[Result "0-1"]
[ICCResult "White resigns"]
[WhiteElo "1081"]
[BlackElo "1708"]
[Opening "Queen's pawn game"]
[ECO "A45"]
[NIC "QP.07"]
[Time "19:48:33"]
[TimeControl "180+0"]

1. d4 Nf6 2. a3 g6 3. Nc3 Bg7 4. Nf3 d5 5. h3 O-O 6. Bf4 c6 7. e3 Nbd7 8.
Be2 Re8 9. O-O Nb6 10. Ne5 Bf5 11. b4 Nbd7 12. Bh2 Nxe5 13. Bxe5 Ne4 14.
Nxe4 Bxe4 15. f3 Bf5 16. Bxg7 Kxg7 17. e4 dxe4 18. fxe4 Bxe4 19. Bc4 Bd5 20.
Bd3 Qb6 21. c3 e5 22. Kh1 exd4 23. cxd4 Qxd4 24. Bxg6 Qxd1 25. Raxd1 hxg6
{White resigns}
0-1

[Event "ICCopen2017"]
[Site "Internet Chess Club"]
[Date "2017.03.19"]
[Round "4"]
[White "Dabo"]
[Black "Shafkat"]
[Result "1-0"]
[ICCResult "Black checkmated"]
[WhiteElo "2045"]
[BlackElo "1549"]
[Opening "Ruy Lopez: Schliemann defense"]
[ECO "C63"]
[NIC "RL.06"]
[Time "19:48:41"]
[TimeControl "180+0"]

1. e4 e5 2. Nf3 Nc6 3. Bb5 f5 4. d4 fxe4 5. Nxe5 Nxe5 6. dxe5 c6 7. Nc3 cxb5
8. Nxe4 Qe7 9. Nd6+ Kd8 10. O-O Qxe5 11. Nf7+ Kc7 12. Nxe5 Nf6 13. Nf7 Rg8
14. Bf4+ d6 15. Bxd6+ Bxd6 16. Qxd6# {Black checkmated} 1-0

[Event "ICCopen2017"]
[Site "Internet Chess Club"]
[Date "2017.03.19"]
[Round "4"]
[White "okiemark"]
[Black "AlirezaFirouzja"]
[Result "0-1"]
[ICCResult "White resigns"]
[WhiteElo "1928"]
[BlackElo "2592"]
[Opening "English opening"]
[ECO "A05"]
[NIC "QP.11"]
[Time "19:49:00"]
[TimeControl "180+0"]

1. Nf3 Nf6 2. c4 g6 3. g3 Bg7 4. Bg2 O-O 5. Nc3 d6 6. O-O e5 7. d3 Nc6 8.
Bd2 h6 9. Rb1 Be6 10. b4 Qc8 11. Re1 Bh3 12. Bh1 g5 13. e3 Ne7 14. Bc1 Ng6
15. Nd2 Ne8 16. Nd5 c6 17. Nc3 Kh7 18. b5 f5 19. bxc6 bxc6 20. Qa4 e4 21.
dxe4 Bxc3 22. exf5 Qxf5 23. Bf3 Bxd2 {White resigns} 0-1

[Event "ICCopen2017"]
[Site "Internet Chess Club"]
[Date "2017.03.19"]
[Round "4"]
[White "lion100"]
[Black "ChessOlympian"]
[Result "0-1"]
[ICCResult "White resigns"]
[WhiteElo "1405"]
[BlackElo "1737"]
[Opening "Sicilian: dragon, Yugoslav attack, Rauser variation"]
[ECO "B76"]
[NIC "SI.17"]
[Time "19:49:28"]
[TimeControl "180+0"]

1. e4 c5 2. Nf3 d6 3. d4 cxd4 4. Nxd4 Nf6 5. Nc3 g6 6. f3 Bg7 7. Be3 O-O 8.
Qd2 Nc6 9. O-O-O d5 10. Nxc6 bxc6 11. exd5 Nxd5 12. Bd4 e5 13. Bc5 Be6 14.
Bxf8 Qxf8 15. Bc4 Bh6 16. Kb1 Bxd2 17. Rxd2 Nxc3+ 18. bxc3 Bxc4 {White
resigns} 0-1

[Event "ICCopen2017"]
[Site "Internet Chess Club"]
[Date "2017.03.19"]
[Round "4"]
[White "ontheprowl"]
[Black "Burning-Bush"]
[Result "1-0"]
[ICCResult "Black resigns"]
[WhiteElo "1536"]
[BlackElo "1886"]
[Opening "Pirc: classical (two knights) system"]
[ECO "B08"]
[NIC "PU.10"]
[Time "19:48:29"]
[TimeControl "180+0"]

1. e4 d6 2. d4 Nf6 3. Nc3 g6 4. Nf3 Bg7 5. Bc4 c5 6. dxc5 Qa5 7. cxd6 Nxe4
8. O-O Nxd6 9. Bb3 O-O 10. Bd2 Qh5 11. Nd5 Nc6 12. Bc3 Bg4 13. Nxe7+ Nxe7
14. Qxd6 Bxc3 15. bxc3 Nf5 16. Qf4 Bxf3 17. Qxf3 Qg4 18. Qxg4 Rac8 19. Rfe1
Rxc3 20. Qb4 Rc7 21. Rad1 Kg7 22. g4 Nh4 23. Re7 Rxe7 24. Qxe7 Nf3+ 25. Kg2
{Black resigns}
1-0

[Event "ICCopen2017"]
[Site "Internet Chess Club"]
[Date "2017.03.19"]
[Round "4"]
[White "BlueJ"]
[Black "Lzmann"]
[Result "1-0"]
[ICCResult "Black resigns"]
[WhiteElo "2072"]
[BlackElo "1659"]
[Opening "English: four knights, 4.e3"]
[ECO "A28"]
[NIC "EO.06"]
[Time "19:48:43"]
[TimeControl "180+0"]

1. c4 e5 2. Nc3 Nf6 3. Nf3 Nc6 4. e3 d5 5. cxd5 Nxd5 6. Bb5 Nxc3 7. bxc3 Bd6
8. d4 e4 9. Nd2 Bf5 10. O-O Qg5 11. f4 exf3 12. Qxf3 Bg6 13. Bxc6+ bxc6 14.
Qxc6+ Ke7 15. e4 Qe3+ 16. Kh1 Qh6 17. Nf3 Qh5 18. e5 Bd3 19. exd6+ cxd6 20.
Re1+ Kf6 21. Qxd6+ Kf5 22. Re5+ {Black resigns} 1-0

[Event "ICCopen2017"]
[Site "Internet Chess Club"]
[Date "2017.03.19"]
[Round "4"]
[White "Mamba"]
[Black "ajam"]
[Result "1-0"]
[ICCResult "Black resigns"]
[WhiteElo "2628"]
[BlackElo "1919"]
[Opening "Philidor: Improved Hanham variation"]
[ECO "B07"]
[NIC "QP.07"]
[Time "19:48:45"]
[TimeControl "180+0"]

1. d4 Nf6 2. Nc3 d6 3. e4 Nbd7 4. Nf3 e5 5. Bc4 Be7 6. O-O O-O 7. a4 c6 8.
Re1 Qc7 9. a5 Rb8 10. Bg5 b5 11. axb6 axb6 12. dxe5 dxe5 13. Nh4 b5 14. Ba2
b4 15. Na4 Nb6 16. Nxb6 Rxb6 17. Qf3 Bg4 18. Qg3 Kh8 19. Bxf6 Bxf6 20. Qxg4
Qe7 21. Nf5 Qc5 22. Bb3 Rb7 23. Red1 g6 24. Nd6 Re7 25. h4 h5 26. Qg3 Kg7
27. Nf5+ {Black resigns} 1-0

[Event "ICCopen2017"]
[Site "Internet Chess Club"]
[Date "2017.03.19"]
[Round "4"]
[White "Barbos"]
[Black "Bozhenka"]
[Result "0-1"]
[ICCResult "White checkmated"]
[WhiteElo "2530"]
[BlackElo "2868"]
[Opening "Catalan: open, 5.Nf3"]
[ECO "E04"]
[NIC "CA.03"]
[Time "19:48:04"]
[TimeControl "180+0"]

1. d4 Nf6 2. c4 e6 3. g3 d5 4. Bg2 dxc4 5. Nf3 Bb4+ 6. Bd2 a5 7. O-O O-O 8.
Qc2 b6 9. Ne5 Ra7 10. e3 c5 11. dxc5 Bxc5 12. Nxc4 Ba6 13. b3 Rc7 14. Qb2
Nc6 15. Bc3 Qe7 16. Ne5 Nxe5 17. Bxe5 Bxf1 18. Kxf1 Bd6 19. Bd4 Rfc8 20. Nc3
e5 21. Bxb6 Rxc3 22. Bh3 Rc2 23. Qb1 Qb7 24. Bf5 Qh1# {White checkmated} 0-1